AoeStats
← Lomrvesit

Black Forest

503624027Analyzed
2v2 RM · 1mo ago on Sep 1, 2026· 54m 19s· 4 players
Game mode
Random Map
Map size
Medium (4 player)
Population
200
Speed
Normal
Resources
Standard
Victory
Conquest
Starting age
Dark Age
Ending age
Imperial Age
RankedLock teamsTeams togetherTeam positionsShared explorationLock speedFull tech treeHidden civsTurbo modeCheats
Victory
Defeat
🇺🇸 Georgians · United States
844
+13
🇫🇮 Japanese · Finland
700
+19
🇵🇪 Italians · Peru
832
-46
🇬🇧 Sicilians · United Kingdom
708
-27
Lomrvesit
1:50 Loom
12:15 Feudal Age
12:47 Double-Bit Axe
15:58 Wheelbarrow
15:24 Horse Collar
19:39 Gold Mining
22:19 Man-at-Arms
25:24 Castle Age
24:29 Stone Mining
26:15 Bow Saw
26:11 Heavy Plow
26:19 Crossbowman
28:08 Gold Shaft Mining
28:10 Stone Shaft Mining
28:44 Hand Cart
30:49 Long Swordsman
30:49 Pikeman
34:27 Squires
andregerald164
11:23 Feudal Age
13:09 Double-Bit Axe
21:59 Castle Age
24:36 Bow Saw
24:09 Horse Collar
29:35 Imperial Age
28:27 Stone Mining
28:27 Gold Mining
29:57 Silk Road
36:50 Wheelbarrow
36:00 Loom
36:25 Elite Genoese Crossbowman
37:25 Husbandry
36:47 Light Cavalry
42:01 Scale Barding Armor
41:47 Fletching
41:57 Padded Archer Armor
41:58 Scale Mail Armor
42:08 Forging
41:33 Hussar
46:19 Bloodlines
dundergubbe
0:41 Loom
16:02 Feudal Age
25:22 Castle Age
34:52 Gold Mining
37:52 Imperial Age
42:38 Double-Bit Axe
44:31 Bow Saw
44:04 Horse Collar
44:24 Fletching
46:16 Kataparuto
47:14 Two-Man Saw
45:56 Onager
47:39 Conscription
47:22 Town Watch
48:15 Wheelbarrow
51:41 Man-at-Arms
52:11 Gambesons
52:27 Squires
52:33 Scale Mail Armor
52:43 Forging
52:04 Elite Samurai
53:53 Siege Engineers
54:11 Ballistics
54:52 Chemistry
53:44 Long Swordsman
cjmm76
0:30 Loom
12:55 Feudal Age
18:14 Castle Age
16:17 Double-Bit Axe
16:38 Horse Collar
18:14 Wheelbarrow
17:25 Town Watch
26:41 Bow Saw
29:55 Imperial Age
27:44 Hand Cart
28:03 Heavy Plow
28:43 Gold Mining
28:46 Stone Mining
29:01 Town Patrol
29:34 Caravan
31:02 Ballistics
31:18 Coinage
31:21 Fletching
31:41 Forging
32:38 Chemistry
31:57 Pikeman
32:22 Gambesons
32:39 Squires
32:24 Arson
32:00 Man-at-Arms
33:38 Crop Rotation
33:06 Elite Skirmisher
33:13 Capped Ram
34:16 Bloodlines
34:28 Scale Mail Armor
34:29 Padded Archer Armor
34:24 Bodkin Arrow
35:12 Conscription
35:30 Banking
36:44 Husbandry
36:11 Halberdier
37:48 Scale Barding Armor
37:28 Long Swordsman
38:04 Treadmill Crane
37:51 Light Cavalry
37:52 Cavalier
39:23 Parthian Tactics
39:43 Leather Archer Armor
39:29 Bracer
39:11 Two-Handed Swordsman
39:37 Siege Ram
48:30 Iron Casting
48:10 Chain Mail Armor
48:16 Chain Barding Armor
47:47 Elite Monaspa
48:33 Aznauri Cavalry
48:28 Champion
49:21 Svan Towers
49:59 Fervor
49:13 Crossbowman
52:40 Stone Shaft Mining
54:27 Blast Furnace
53:57 Plate Mail Armor
54:03 Plate Barding Armor
53:16 Hussar
Connection lost

Rejoining the realm…

Still unreachable

The connection could not be restored.

Session expired

The server has moved on; the page needs a fresh start.